AoeStats
← Michi3052

Arena

509761955Analyzed
1v1 RM · 4d ago on Sep 27, 2026· 20m 30s· 2 players
Game mode
Random Map
Map size
Tiny (2 player)
Population
200
Speed
Normal
Resources
Standard
Victory
Conquest
Starting age
Dark Age
Ending age
Imperial Age
RankedLock teamsTeams togetherTeam positionsShared explorationLock speedFull tech treeHidden civsTurbo modeCheats
Victory
Defeat
🇦🇷 Cumans · Argentina
675
+18
🇪🇸 Cumans · Spain
719
-18
Michi3052
11:57 Feudal Age
12:57 Man-at-Arms
lucas_k22
11:33 Feudal Age
15:26 Castle Age
13:12 Loom
13:48 Stone Mining
14:57 Double-Bit Axe
19:11 Fletching
Connection lost

Rejoining the realm…

Still unreachable

The connection could not be restored.

Session expired

The server has moved on; the page needs a fresh start.